 Dungeon Crawl Stone Soup version 0.17-a0-777-g32247ce (webtiles) character file.

108 namelastname112 the Sneak (level 4, -4/35 HPs)
             Began as a Draconian Artificer on Apr 25, 2015.
             Killed by divine providence
             ... invoked by an orc priest
              (14 damage)
             ... on level 3 of the Dungeon.
             The game lasted 00:03:33 (2079 turns).

namelastname112 the Sneak (Draconian Artificer)     Turns: 2079, Time: 00:03:33

Health: -4/35      AC:  8    Str: 13    XL:     4   Next: 58%
Magic:  6/6        EV: 12    Int: 12    God:
Gold:   155        SH:  0    Dex: 13    Spells: 0 memorised, 3 levels left

rFire  + . .     SeeInvis .     a - +0 short sword
rCold  . . .     Clarity  .     (armour unavailable)
rNeg   . . .     SustAb   .     (no shield)
rPois  .         Gourm    .     (helmet restricted)
rElec  .         Spirit   .     (no cloak)
rCorr  .         Warding  .     (no gloves)
rMut   .         Stasis   .     (no boots)
MR     .....                    (no amulet)
Stlth  ++........               q - ring of protection from fire
                                f - +3 ring of protection

@: not resistant to hostile enchantments, unstealthy
A: unfitting armour, cold-blooded, AC +5
a: no special abilities


You were on level 3 of the Dungeon.
You were hungry.

You visited 1 branch of the dungeon, and saw 3 of its levels.

You collected 155 gold pieces.

Inventory:

Hand weapons
 a - a +0 short sword (weapon)
Missiles
 m - 11 poisoned needles
 p - 7 javelins (quivered)
 u - a throwing net
Jewellery
 f - a +3 ring of protection (left hand)
 q - a ring of protection from fire (right hand)
Magical devices
 b - a wand of flame (8)
 c - a wand of enslavement (14)
 d - a wand of random effects (14)
Scrolls
 i - a scroll of noise {unknown}
 k - a scroll of identify {unknown}
 n - 2 scrolls of immolation {unknown}
 o - a scroll of teleportation {unknown}
 r - a scroll of amnesia {unknown}
 s - 3 scrolls of enchant armour {unknown}
 w - a scroll of remove curse {unknown}
Potions
 g - a potion of heal wounds {unknown}
 h - a potion of curing {unknown}
 j - 3 potions of agility
 t - a potion of restore abilities {unknown}
 v - a potion of haste {unknown}
Comestibles
 e - 4 bread rations
 l - 2 royal jellies
 x - 3 fruits


   Skills:
 - Level 1.1 Fighting
 + Level 3.1 Short Blades
 - Level 1.7 Dodging
 + Level 3.2 Stealth
 - Level 3.0 Evocations


You had 3 spell levels left.
You didn't know any spells.

Dungeon Overview and Level Annotations

Branches:
Dungeon (3/15)

Altars:
Okawaru
Trog


Innate Abilities, Weirdness & Mutations

Your plain brown scales are hard (AC +5).
Your body does not fit into most forms of armour.
You are cold-blooded and may be slowed by cold attacks.


Message History

An orc comes into view. It is wielding a mace.
The orc moves out of view.
Found an escape hatch in the floor.
An orc priest comes into view. It is wielding a short sword.
The orc priest shouts!
The orc priest utters an invocation to Beogh.
You feel troubled.
You closely miss the orc. The orc hits you with a short sword.
You barely miss the orc. The orc closely misses you.
An orc comes into view. It is wielding a trident.
The orc shouts!
The orc moves out of view.
The orc priest invokes the aid of Beogh against you.
Something smites you!
The orc priest mumbles some strange prayers to Beogh against you.
Something smites you!
* * * LOW HITPOINT WARNING * * *
The orc priest invokes the aid of Beogh against you.
Something smites you!
You die...

. #<# #.## #.# ..###.#
...##.# ... #.# ##.. #.# #.#
#.### # ##.# #.#.# . #.
##.@# #.#.# #..
#>##.%o###.#.#
....###$....##.#.##########
.....o..#.o................
..o..oo...........>##.#####.
#................## .#
#..#####..#.####.# .# #..#.#
#.# .# #..#.# #.# .#


You could see an orc priest and 4 orcs.

Vanquished Creatures
  3 adders
  A gnoll (D:2)
  An ooze (D:2)
  2 worms (D:2)
  3 giant geckos
  An orc (D:2)
  8 bats
  2 giant cockroaches (D:1)
  9 goblins
  7 hobgoblins
  2 jackals (D:1)
  A ball python (D:1)
  2 giant newts (D:2)
  2 kobolds
  7 rats
51 creatures vanquished.

Vanquished Creatures (collateral kills)
  2 gnolls (D:2)
2 creatures vanquished.

Vanquished Creatures (others)
  A gnoll (D:2)
1 creature vanquished.

Grand Total: 54 creatures vanquished

Notes
Turn   | Place    | Note
--------------------------------------------------------------
     0 | D:1      | namelastname112, the Draconian Artificer, began the quest for the Orb.
     0 | D:1      | Reached XP level 1. HP: 16/16 MP: 3/3
    40 | D:1      | Reached skill level 1 in Stealth
   181 | D:1      | Reached XP level 2. HP: 15/23 MP: 4/4
   941 | D:2      | Reached XP level 3. HP: 28/28 MP: 5/5
  1001 | D:2      | Found a bloodstained altar of Trog.
  1010 | D:2      | Found an iron altar of Okawaru.
  1554 | D:2      | Reached XP level 4. HP: 11/35 MP: 6/6
  2079 | D:3      | Killed from afar by an orc priest

Action                   |  1- 3 |  4- 6 || total
-------------------------+-------+-------++-------
Melee: Short sword       |   155 |    50 ||   205
Evoke: Wand              |     7 |     2 ||     9
 Stab: Sleeping          |     2 |       ||     2
       Confused          |     2 |       ||     2
  Eat: Chunk             |     2 |     1 ||     3
